 Dungeon Crawl Stone Soup version 0.27.0-66-gdc8fb28755 (webtiles) character file.

Game seed: 5567701588363391988

2 Spectrina the Sneak (level 1, -12/13 HPs)
             Began as a Vampire Delver on Aug 20, 2021.
             Mangled by an ogre (25 damage)
             ... on level 5 of the Dungeon.
             The game lasted 00:00:48 (77 turns).

Spectrina the Sneak (Vampire Delver)                  Turns: 77, Time: 00:00:48

Health: -12/13     AC:  3    Str: 11    XL:     1   Next: 33%
Magic:  1/1        EV: 12    Int: 12    God:
Gold:   14         SH:  0    Dex: 19    Spells: 0/0 levels left

rFire    . . .     SeeInvis +   i - +3 trident "Xiddot" {freeze, rC+ Dex+4}
rCold    + + +     Faith    .   (no shield)
rNeg     + + +     Spirit   .   b - +0 leather armour
rPois    ∞         Reflect  .   (no helmet)
rElec    .         Harm     .   (no cloak)
rCorr    .         Rampage  .   (no gloves)
Will     .....                  (no boots)
Stlth    ++++++....             (no amulet)
HPRegen  0.00/turn              (no ring)
MPRegen  0.07/turn              (no ring)

@: bloodless, inhibited regen
A: bloodless, fangs 3, see invisible, vampiric 1
a: Revivify


You were on level 5 of the Dungeon.
You visited 1 branch of the dungeon, and saw 1 of its levels.

You collected 14 gold pieces.

Inventory:

Hand Weapons
 a - a +0 short sword
 i - the +3 trident "Xiddot" (weapon) {freeze, rC+ Dex+4}
   (You found it on level 5 of the Dungeon)

   It freezes those it strikes, dealing additional cold damage.
   It can also slow down cold-blooded creatures.
   Dex:       It affects your dexterity (+4).
   rC:        It protects you from cold.
Armour
 b - a +0 leather armour (worn)
Wands
 g - a wand of digging (3)
Scrolls
 c - a scroll of fog
 d - a scroll of magic mapping
 e - a scroll of fear
 j - a scroll of identify {unknown}
Potions
 f - a potion of haste
 h - 2 potions of curing {unknown}


   Skills:
 - Level 2.6 Fighting
 - Level 2.1 Short Blades
 - Level 2.1 Dodging
 + Level 7.4 Stealth


You couldn't memorise any spells.
You didn't know any spells.
Your spell library was empty.

Dungeon Overview and Level Annotations

Branches:
Dungeon (5/15)
 Temple: D:4-7

Altars:


Innate Abilities, Weirdness & Mutations

You do not regenerate when monsters are visible.
You are frail without blood (-20% HP).
You can heal yourself when you bite living creatures.
You are immune to poison.
You have razor-sharp teeth.
You have supernaturally acute eyesight. (SInv)
You are afflicted with vampirism.


Message History

f - Revivify Adjust to which letter? i - Revivify
Found 3 gold pieces.
A dart slug comes into view.
Found a shimmering trident.
Unknown command.
The helpless dart slug fails to defend itself.
You impale the dart slug!!
You kill the dart slug!
You see here the +3 trident "Xiddot" {freeze, rC+ Dex+4}.
i - the +3 trident "Xiddot" {freeze, rC+ Dex+4} You now have 3 gold pieces.
You feel agile.
The +3 trident "Xiddot" {freeze, rC+ Dex+4} glows with a cold blue light!
i - the +3 trident "Xiddot" (weapon)
{freeze, rC+ Dex+4}
Found a coppery potion.
Found a scroll labelled DIUROH ADAIGH.
Found 11 gold pieces.
h - 2 coppery potions (gained 1)
j - a scroll labelled DIUROH ADAIGH You now have 14 gold pieces (gained 11).
A black bear comes into view.
The black bear growls angrily.
Found 31 stones.
An ogre comes into view. It is wielding a +0 giant spiked club.
An iguana and a jelly come into view.
Unknown command.
Reach: i) +3 trident "Xiddot" {freeze, rC+ Dex+4}
Press: ? - help, Dir - move target, f - ogre
Aim: an ogre, wielding a +0 giant spiked club (asleep, about 2% to evade the +3 trident "Xiddot")
You reach to attack!
The helpless ogre fails to defend itself.
You puncture the ogre! You freeze the ogre.
The ogre is heavily wounded.
You hit the ogre. You freeze the ogre. You bite the ogre, but do no damage.
The ogre is heavily wounded.
The ogre hits you with a +0 giant spiked club!!
Ouch! That really hurt!
You die...

... ... #.# #.# #.#
#.####### #.#>@Oh.#
#
#.#.###.########.##
#.#.###.......l...J
#.#.............#
#.#..######.##..#
#.#..# #.##..#
#.#..# #.##..#
##.#..######.##..#
#..........#.##..#


You could see a black bear and an ogre.

Vanquished Creatures
  A dart slug (D:5)
1 creature vanquished.

Notes
Turn   | Place    | Note
-------+----------+-------------------------------------------
     0 | D:5      | Spectrina the Vampire Delver began the quest for the Orb.
     0 | D:5      | Reached XP level 1. HP: 17/17 MP: 1/1
    26 | D:5      | Identified the +3 trident "Xiddot" {freeze, rC+ Dex+4}
    54 | D:5      | Noticed a black bear
    67 | D:5      | Noticed an ogre
    68 | D:5      | Noticed an iguana
    68 | D:5      | Noticed a jelly
    77 | D:5      | Mangled by an ogre

Illustrated notes

Levels and vault maps discovered:
D:5:      layout_loops_ring, kiku_gazebo_garden_becter,
          gammafunk_temple_overflow_forgotten

Action                   || total
-------------------------++-------
Melee: Trident           ||     2
       Short sword       ||     1
       Bite              ||     1
 Abil: Exsanguinate      ||     1
 Stab: Sleeping          ||     2
